 Dungeon Crawl Stone Soup version 0.31.0-11-ge490571c62 (webtiles) character file.

Game seed: 4699230417190142843

6 browni3141 the Trooper (level 1, 0/18 HPs)
             Began as a Demonspawn Cinder Acolyte on Jan 31, 2024.
             Was a High Priest of Ignis.
             Slain by a quokka (4 damage)
             ... on level 1 of the Dungeon.
             The game lasted 00:00:09 (437 turns).

browni3141 the Trooper (Demonspawn Cinder Acolyte)   Turns: 437, Time: 00:00:10

Health: 0/18       AC:  2    Str: 14    XL:     1   Next: 75%
Magic:  2/2        EV: 11    Int: 14    God:    Ignis [*****.]
Gold:   12         SH:  0    Dex:  8    Spells: 2/2 levels left

rFire   + . .        a - -1 mace (flame)
rCold   . . .        (no shield)
rNeg    . . .        b - +0 robe
rPois   .            (no helmet)
rElec   .            (no cloak)
rCorr   .            (no gloves)
SInv    .            (no boots)
Will    .....        (no amulet)
Stlth   +            (no ring)
HPRegen 0.23/turn    (no ring)
MPRegen 0.08/turn

%: no passive effects
@: no status effects
A: no striking features
a: Renounce Religion, Fiery Armour, Foxfire Swarm, Rising Flame


You were on level 1 of the Dungeon.
You worshipped Ignis.
Ignis was extremely pleased with you.
You visited 1 branch of the dungeon, and saw 1 of its levels.

You collected 12 gold pieces.

Inventory:

Hand Weapons
 a - a -1 mace of flaming (weapon)
Armour
 b - a +0 robe (worn)
Scrolls
 c - a scroll of poison {unknown}
 e - a scroll of enchant weapon {unknown}
 g - 2 scrolls of identify {unknown}
Potions
 d - 2 potions of haste {unknown}
 f - a potion of might {unknown}


   Skills:
 + Level 3.1 Fighting
 + Level 2.8 Maces & Flails
 + Level 1.1 Spellcasting
 + Level 2.8 Fire Magic


You had 2 spell levels left.
You didn't know any spells.
Your spell library contained the following spells:

 Spells                   Type           Power      Damage    Failure   Level
 Scorch                   Fire           16%        2d5       12%         2


Dungeon Overview and Level Annotations

Branches:
Dungeon (1/15)

Altars:


Message History

You hit the bat. You burn the bat.
You kill the bat!
g - a scroll labelled WUAQ WUGEIRCHIH No target in view!
A hobgoblin comes into view.
The hobgoblin shouts!
The hobgoblin moves out of view.
You now have 12 gold pieces.
A bat comes into view.
There are monsters nearby!
You hit the hobgoblin. You burn the hobgoblin.
You kill the hobgoblin!
The bat hits you but does no damage.
A bat is nearby!
You closely miss the bat. The bat hits you but does no damage. x2
A bat is nearby!
You hit the bat but do no damage. The bat barely misses you.
A bat is nearby!
You thump the bat! You burn the bat.
You kill the bat!
Found a stone staircase leading down.
No target in view!
g - 2 scrolls labelled WUAQ WUGEIRCHIH (gained 1)
There is a stone staircase leading down here.
You see here 5 stones.
A quokka comes into view.
A quokka is nearby!
A quokka is nearby!
The quokka bites you.
A quokka is nearby!
You closely miss the quokka. The quokka completely misses you.
A quokka is nearby!
You miss the quokka. The quokka bites you. The quokka closely misses you.
A quokka is nearby!
You hit the quokka. You burn the quokka.
The quokka is moderately wounded.
The quokka closely misses you.
A quokka is nearby!
You barely miss the quokka.
The quokka is moderately wounded.
The quokka barely misses you. The quokka completely misses you.
A quokka is nearby!
You hit the quokka but do no damage.
The quokka is moderately wounded.
The quokka barely misses you.
A quokka is nearby!
You hit the quokka but do no damage.
The quokka is moderately wounded.
The quokka barely misses you. The quokka closely misses you.
You barely miss the quokka.
The quokka is moderately wounded.
The quokka closely misses you.
A quokka is nearby!
You miss the quokka.
The quokka is moderately wounded.
The quokka bites you but does no damage. x2
You hit the quokka. You burn the quokka.
The quokka is heavily wounded.
The quokka barely misses you.
A quokka is nearby!
You barely miss the quokka.
The quokka is heavily wounded.
The quokka bites you. x2
You hit the quokka but do no damage.
The quokka is moderately wounded.
The quokka closely misses you.
A quokka is nearby!
You hit the quokka but do no damage.
The quokka is moderately wounded.
The quokka misses you. The quokka closely misses you.
You barely miss the quokka.
The quokka is moderately wounded.
The quokka bites you.
A quokka is nearby!
You closely miss the quokka.
The quokka is moderately wounded.
The quokka closely misses you. The quokka bites you.
A quokka is nearby!
You hit the quokka but do no damage.
The quokka is moderately wounded.
The quokka barely misses you.
You barely miss the quokka.
The quokka is moderately wounded.
The quokka closely misses you. x2
A quokka is nearby!
You hit the quokka but do no damage.
The quokka is moderately wounded.
The quokka closely misses you.
You closely miss the quokka.
The quokka is moderately wounded.
The quokka bites you. x2
A quokka is nearby!
You barely miss the quokka.
The quokka is moderately wounded.
The quokka closely misses you.
You barely miss the quokka.
The quokka is moderately wounded.
The quokka bites you but does no damage.
The quokka bites you.
You die...

#.#### #..
...##..
#.# ...
########
#.# .....
# #.#
......
#.#######
#..$..#
#.....###.
##
#.........
..
##@...###.
## #r...#
#....#
#....#
#....#
#.!..#
#....#
######


You could see a quokka.

Vanquished Creatures
  A hobgoblin (D:1)
  2 bats (D:1)
  2 kobolds (D:1)
  2 rats (D:1)
7 creatures vanquished.

Notes
Turn   | Place    | Note
-------+----------+-------------------------------------------
     0 | D:1      | browni3141 the Demonspawn Cinder Acolyte began the quest
                  | for the Orb.
     0 | D:1      | Reached XP level 1. HP: 18/18 MP: 2/2
   437 | D:1      | Slain by a quokka

Illustrated notes

Levels and vault maps discovered:
D:1:      dpeg_arrival_simpleton_a, layout_basic

Action                     || total
---------------------------++-------
  Melee: Mace              ||    48
 Armour: Robe              ||    32
  Dodge: Dodged            ||    32
